 Dungeon Crawl Stone Soup version 0.21-a0-135-g8dc100c (webtiles) character file.

264 JHuti the Skirmisher (level 6, 0/56 HPs)
             Began as a Hill Orc Fighter on July 18, 2017.
             Killed by nerve-wracking pain
             ... invoked by Menkaure
              (10 damage)
             ... on level 5 of the Dungeon.
             The game lasted 00:07:39 (3812 turns).

JHuti the Skirmisher (Hill Orc Fighter)             Turns: 3812, Time: 00:07:40

Health: 0/56       AC:  7    Str: 21    XL:     6   Next: 19%
Magic:  6/6        EV:  7    Int:  8    God:
Gold:   290        SH: 11    Dex: 16    Spells: 5/5 levels left

rFire    . . .     SeeInvis .   a - +1 war axe
rCold    . . .     Gourm    .   c - +1 shield
rNeg     . . .     Faith    .   b - +0 scale mail
rPois    .         Spirit   .   (no helmet)
rElec    .         Reflect  .   (no cloak)
rCorr    +         Harm     .   (no gloves)
MR       .....                  (no boots)
Stlth    ..........             (no amulet)
HPRegen  0.18/turn              j - ring of resist corrosion
MPRegen  0.10/turn              w - +6 ring of dexterity

@: no status effects
A: no striking features
a: no special abilities


You were on level 5 of the Dungeon.
You were hungry.

You visited 1 branch of the dungeon, and saw 5 of its levels.

You collected 290 gold pieces.

Inventory:

Hand Weapons
 a - a +1 war axe (weapon)
Armour
 b - a +0 scale mail (worn)
 c - a +1 shield (worn)
Jewellery
 j - a ring of resist corrosion (left hand)
 w - a +6 ring of dexterity (right hand)
Scrolls
 e - 2 scrolls of fog
 h - 6 scrolls of identify
 m - a scroll of amnesia {unknown}
 n - 3 scrolls of remove curse
 p - a scroll of teleportation {unknown}
Potions
 d - 3 potions of might
 i - a potion of brilliance
 k - 2 potions of agility
 l - a potion of flight {unknown}
 q - a potion of heal wounds
 s - 4 potions of curing
Comestibles
 f - 3 bread rations
 g - a royal jelly
 o - 10 fruits
 r - 2 meat rations


   Skills:
 + Level 5.5 Fighting
 + Level 5.3 Axes
 + Level 5.0 Armour
 - Level 3.2 Shields


You had 5 spell levels left.
You didn't know any spells.

Dungeon Overview and Level Annotations

Branches:
Dungeon (5/15)
 Temple: D:4-7

Altars:
Xom

Annotations:
D:3 2 transporters, mythresam's ghost, amateur GrFi
D:4 JHuti's ghost, amateur HOMo
D:5 Menkaure


Message History

There is a stone staircase leading down here.
You start resting.
HP restored.
Health restored: 56 You climb downwards.
Level annotation: Menkaure Menkaure calls on the powers of darkness!
Your body is wracked with pain!
There is a stone staircase leading up here.
You take 27 damage, and have 29/56 hp.
MASSIVE DAMAGE!!
You are feeling hungry.
You barely miss Menkaure. Menkaure hits you!!
* * * LOW HITPOINT WARNING * * *
You take 19 damage, and have 10/56 hp.
MASSIVE DAMAGE!!
You hit Menkaure but do no damage. You block Menkaure's attack.
You slash Menkaure!
Menkaure is severely damaged.
Menkaure points at you and mumbles some strange words.
Pain shoots through your body!
You die...

############ #..........#
#.########.# #.######...#
########[#........#
...................
########.#.........
########.....§§....
#.@M..........§§...
#<#####.........§..
#########.####.........§§§.
.....................≈≈§§≈≈
#########.##........≈≈####≈
#.##.#......§## ##
#.##.#.....§≈# #
#.##.#.....§≈# #
#.##(#......≈# #


You could see Menkaure.

Vanquished Creatures
  An orc priest (D:3)
  2 iguanas
  A worker ant (D:2)
  A worker ant zombie (D:5)
  5 adders
  2 oozes (D:2)
  2 worms (D:2)
  2 dart slugs
  3 leopard geckos
  10 orcs (D:3)
  6 bats
  2 giant cockroaches (D:3)
  8 hobgoblins
  3 jackals
  8 kobolds
  2 quokkas (D:2)
  4 frilled lizards
  7 goblins
  5 rats
74 creatures vanquished.

Notes
Turn   | Place    | Note
-------+----------+-------------------------------------------
     0 | D:1      | JHuti the Hill Orc Fighter began the quest for the Orb.
     0 | D:1      | Reached XP level 1. HP: 19/19 MP: 1/1
   354 | D:1      | Reached XP level 2. HP: 27/27 MP: 2/2
   590 | D:1      | You fall through a shaft!
   645 | D:2      | Reached XP level 3. HP: 27/33 MP: 3/3
   912 | D:2      | Found an ornate altar of the Wu Jian Council.
   914 | D:2      | Found a stormy altar of Qazlal.
   914 | D:2      | Found a blossoming altar of Fedhas.
   916 | D:2      | Found a shimmering altar of Xom.
   916 | D:2      | Found a shimmering altar of Xom.
   916 | D:2      | Found a shimmering altar of Xom.
   929 | D:2      | Reached XP level 4. HP: 24/41 MP: 4/4
  2189 | D:3      | Noticed mythresam's ghost (amateur GrFi)
  2541 | D:2      | Reached XP level 5. HP: 31/47 MP: 5/5
  2752 | D:3      | Reached skill level 5 in Fighting
  2912 | D:3      | Found a transporter.
  2912 | D:3      | Found a transporter.
  2932 | D:3      | Reached skill level 5 in Axes
  3301 | D:4      | Noticed JHuti's ghost (amateur HOMo)
  3464 | D:5      | Entered Level 5 of the Dungeon
  3474 | D:5      | Reached XP level 6. HP: 55/56 MP: 6/6
  3513 | D:5      | Reached skill level 5 in Armour
  3533 | D:5      | Noticed Menkaure
  3812 | D:5      | Killed from afar by Menkaure

Vault maps used:
D:1:      dpeg_arrival_tiny_d, serial_park_tiny_1, st_stairs_3
D:2:      first_bread, doesnt_xom_only_xom
D:3:      gammafunk_steamed_eel, gammafunk_temple_overflow_forgotten
D:4:      bh_chokoban
D:5:      basic_altar, kennysheep_decorative_pillar, uniq_grinder,
          uniq_menkaure, uniq_blork_the_orc

Skill      XL: |  1  2  3  4  5  6 |
---------------+-------------------+-----
Axes           | 3 4 5 |  5.3
Fighting       | 4 5 |  5.5
Armour         | 4 5 |  5.0
Shields        | |  3.2

Action                   |  1- 3 |  4- 6 || total
-------------------------+-------+-------++-------
Melee: War axe           |    97 |   137 ||   234
  Use: Scroll            |       |     7 ||     7
       Potion            |       |     6 ||     6
  Eat: Chunk             |       |     9 ||     9
Armor: Scale mail        |    47 |    50 ||    97
Dodge: Dodged            |    33 |    45 ||    78
Block: Shield            |    66 |   104 ||   170
